 Dungeon Crawl Stone Soup version 0.15.2 (webtiles) character file.

212 theanonym the Slasher (level 5, 0/34 HPs)
             Began as a High Elf Death Knight on Dec 6, 2018.
             Was a Believer of Yredelemnul.
             Slain by an iguana (5 damage)
             ... on Level 4 of the Dungeon.
             The game lasted 00:05:52 (4102 turns).

theanonym the Slasher (High Elf Death Knight)       Turns: 4102, Time: 00:05:52

HP   0/34        AC 10     Str 13      XL: 5   Next: 58%
MP  11/11        EV  5     Int 14      God: Yredelemnul [**....]
Gold 163         SH  5     Dex 15      Spells:  0 memorised,  4 levels left

rFire  . . .     SeeInvis .     a - +1 falchion
rCold  . . .     Clarity  .     v - +0 chain mail
rNeg   . . .     rCorr    .     k - +0 buckler
rPois  .         rRot     .     (no helmet)
rElec  .         Spirit   .     (no cloak)
SustAb .         Warding  .     i - +1 pair of gloves
rMut   .         Stasis   .     (no boots)
Gourm  .                        (no amulet)
MR     .....                    (no ring)
                                (no ring)

@: injury mirror, not resistant to hostile enchantments, extremely unstealthy
A: no striking features
a: Animate Remains, Recall Undead Slaves, Injury Mirror, Renounce Religion


   Skills:
 - Level 2.0 Fighting
 + Level 5.5 Long Blades
 - Level 0.8 Armour
 - Level 1.1 Dodging
 + Level 3.1 Shields
 - Level 3.0 Invocations


You had 4 spell levels left.
You didn't know any spells.

Action                   |  1- 3 |  4- 6 || total
-------------------------+-------+-------++-------
Melee: Falchion          |   124 |   127 ||   251
Invok: Animate Remains   |    14 |     6 ||    20
       Injury Mirror     |       |     1 ||     1
       Recall Undead Sla |       |     1 ||     1
  Use: Scroll            |       |     7 ||     7
 Stab: Distracted        |     1 |       ||     1
  Eat: Bread ration      |     1 |       ||     1
       Chunk             |     1 |     4 ||     5
       Meat ration       |       |     1 ||     1

Inventory:

Hand weapons
 a - a +1 falchion (weapon)
Armour
 i - a +1 pair of gloves (worn)
   (You found it on level 1 of the Dungeon)
 k - a +0 buckler (worn)
   (You found it on level 1 of the Dungeon)
 t - a +0 scale mail
   (You found it on level 2 of the Dungeon)
 v - a +0 chain mail (worn)
   (You found it on level 3 of the Dungeon)
Comestibles
 b - a beef jerky
Scrolls
 c - a scroll of immolation
 e - a scroll of fog {unknown}
 g - a scroll of enchant armour {unknown}
Potions
 f - a potion of resistance
 j - a potion of agility {unknown}
 l - a potion of lignification {unknown}
 n - a potion of heal wounds {unknown}
 q - 2 potions of haste
 u - a potion of might {unknown}


You were on level 4 of the Dungeon.
You worshipped Yredelemnul.
Yredelemnul was pleased with you.
You were not hungry.

You visited 1 branch of the dungeon, and saw 4 of its levels.

You collected 163 gold pieces.

Dungeon Overview and Level Annotations

Branches:
Dungeon (4/15)
 Temple: D:4-7

Altars:

. .......## ##.#.. ..#.
....... .#
#..###......## #
###......##..... .#
#.#.....##...S>.. ..##
##......#......#
#...###.............#
#..#...##).....#
##.........<..@#
##.........#....l.......
##...........#.........#
........................
....#..........#.#......
.#.....#...............
..#.............##....
................. ...
...............#


You could see an iguana and a ball python (wandering).

Notes
Turn   | Place    | Note
--------------------------------------------------------------
     0 | D:1      | theanonym, the High Elf Death Knight, began the quest for the Orb.
     0 | D:1      | Reached XP level 1. HP: 14/14 MP: 3/3
   161 | D:1      | Reached skill level 3 in Long Blades
   280 | D:1      | Reached XP level 2. HP: 14/19 MP: 2/4
   410 | D:1      | HP: 9/19 [goblin/club (3)]
   976 | D:2      | Reached skill level 4 in Long Blades
  1202 | D:2      | HP: 9/19 [worm (8)]
  1373 | D:1      | Reached XP level 3. HP: 24/24 MP: 7/7
  1462 | D:2      | HP: 10/24 [adder (4)]
  1464 | D:2      | Reached skill level 1 in Shields
  1470 | D:2      | HP: 7/24 [poisoned by an adder]
  1703 | D:2      | HP: 10/24 [jackal (3)]
  1913 | D:2      | Acquired Yredelemnul's second power
  2397 | D:3      | Reached XP level 4. HP: 29/29 MP: 9/9
  2427 | D:3      | HP: 14/29 [poisoned by an adder]
  2432 | D:3      | HP: 12/29 [poisoned by an adder]
  2438 | D:3      | HP: 9/29 [poisoned by an adder]
  2446 | D:3      | HP: 8/29 [poisoned by an adder]
  2773 | D:3      | Reached skill level 2 in Shields
  3279 | D:3      | HP: 11/29 [orc wizard/magic dart (8)]
  3282 | D:3      | Reached skill level 5 in Long Blades
  3285 | D:3      | Reached XP level 5. HP: 10/34 MP: 11/11
  3704 | D:4      | Noticed a phantom
  3754 | D:3      | HP: 16/34 [phantom (5)]
  3761 | D:3      | HP: 9/34 [phantom (4)]
  3784 | D:3      | HP: 3/34 [phantom (6)]
  3788 | D:3      | Killed a phantom
  3788 | D:3      | Reached skill level 3 in Shields
  4094 | D:4      | HP: 17/34 [iguana (4)]
  4100 | D:4      | HP: 8/34 [iguana (3)]
  4102 | D:4      | Slain by an iguana

Vanquished Creatures
  A phantom (D:3)
  An orc wizard (D:3)
  2 adders
  3 worms
  A giant gecko (D:3)
  6 orcs (D:3)
  2 bats
  3 giant cockroaches
  4 goblins
  12 hobgoblins
  5 jackals
  A quokka (D:2)
  3 giant newts (D:3)
  2 kobolds
  A kobold skeleton (D:4)
  5 rats
52 creatures vanquished.

Vanquished Creatures (collateral kills)
  An adder (D:3)
  A worm (D:1)
  A giant gecko (D:1)
  An orc (D:3)
  A ball python (D:1)
  A goblin (D:1)
  2 hobgoblins (D:1)
  2 jackals
  A quokka (D:2)
  A bat (D:1)
  A kobold (D:1)
13 creatures vanquished.

Vanquished Creatures (others)
  A giant gecko zombie (D:3)
  A goblin zombie (D:1)
  A hobgoblin zombie (D:1)
  2 jackal zombies
  An orc zombie (D:3)
6 creatures vanquished.

Grand Total: 71 creatures vanquished

Table legend:
 A = Turns spent in this place as a percentage of turns spent in the entire game.
 B = Non-inter-level travel turns spent in this place as a percentage of non-inter-level travel turns spent in the entire game.
 C = Inter-level travel turns spent in this place as a percentage of turns spent in this place.
 D = Turns resting spent in this place as a percentage of non-inter-level travel turns spent in this place.
 E = Turns spent auto-exploring this place as a percentage of non-inter-level travel turns spent in this place.
 F = Non-inter-level travel turns spent in this place divided by the number of levels of this place that you've seen.
                   A       B       C       D       E      F
               +-------+-------+-------+-------+-------+----------------------
         Total | 100.0 | 100.0 |   1.1 |   5.3 |  13.1 | 227.2
       Dungeon | 100.0 | 100.0 |   1.1 |   5.3 |  13.1 | 227.2
               +-------+-------+-------+-------+-------+----------------------
